 Dungeon Crawl Stone Soup version 0.26-a0-1060-g086102a3f0 (webtiles) character file.

Game seed: 14228695503731601943

1082 sanka the Jinx (level 8, -2/36 HPs)
             Began as a Spriggan Enchanter on Dec 13, 2020.
             Killed by divine providence
             ... invoked by an orc priest
              (10 damage)
             ... on level 7 of the Dungeon.
             The game lasted 00:09:54 (7710 turns).

sanka the Jinx (Spriggan Enchanter)                 Turns: 7710, Time: 00:09:55

Health: -2/36      AC:  2    Str:  4    XL:     8   Next: 8%
Magic:  13/13      EV: 18    Int: 17    God:
Gold:   332        SH:  0    Dex: 18    Spells: 7/13 levels left

rFire    . . .     SeeInvis +   a - +1 dagger
rCold    . . .     Faith    .   (shield restricted)
rNeg     . . .     Spirit   .   B - +0 robe
rPois    .         Reflect  .   (helmet restricted)
rElec    .         Harm     .   (no cloak)
rCorr    .         Rampage  .   (gloves unavailable)
Will     ++...                  (boots unavailable)
Stlth    ++++......             (no amulet)
HPRegen  0.12/turn              (no ring)
MPRegen  0.13/turn              e - ring of willpower

@: lightly drained, very quick
A: very small, unfitting armour, see invisible, speed 3
a: no special abilities


You were on level 7 of the Dungeon.
You visited 2 branches of the dungeon, and saw 8 of its levels.

You collected 332 gold pieces.


Innate Abilities, Weirdness & Mutations

You are very small and have problems with some larger weapons.
You are too small for most types of armour.
You have supernaturally acute eyesight. (SInv)
You cover ground extremely quickly.


   Skills:
 + Level 0.0 Fighting
 - Level 5.0(4.7) Short Blades
 + Level 3.0(2.8) Dodging
 - Level 8.0(7.7) Stealth
 - Level 3.0(2.7) Spellcasting
 + Level 9.2(8.9) Hexes


You had 7 spell levels left.
You knew the following spells:

 Your Spells              Type           Power        Failure   Level
z - Ensorcelled Hibernat  Hex/Ice        ###...       4%          2
X - Confusing Touch       Hex            ####....     1%          3
Z - Corona                Hex            ####...      1%          1

Your spell library contained the following spells:

 Spells                   Type           Power        Failure   Level
 Tukima's Dance           Hex            ####....     1%          3
 Dazzling Flash           Conj/Hex       ###...       9%          3
 Inner Flame              Hex/Fire       ###.....     9%          3
 Foxfire                  Conj/Fire      #...         19%         1
 Conjure Flame            Conj/Fire      #.......     47%         3
 Sticky Flame             Conj/Fire      #.......     87%         4
 Fireball                 Conj/Fire      #.........   99%         5

Inventory:

Hand Weapons
 a - a +1 dagger (weapon)
 b - a +2 vampiric rapier
Armour
 B - a +0 robe (worn)
Jewellery
 e - a ring of willpower (right hand)
Wands
 k - a wand of polymorph (7)
 x - a wand of flame (13)
 y - a wand of digging (16)
 C - a wand of acid (14)
 F - a wand of iceblast (7)
Scrolls
 c - 2 scrolls of blinking {unknown}
 h - 2 scrolls of enchant weapon {unknown}
 i - 2 scrolls of teleportation {unknown}
 j - 8 scrolls of identify {unknown}
 m - a scroll of fear {unknown}
 s - a scroll of enchant armour {unknown}
 t - 7 scrolls of remove curse {unknown}
 v - a scroll of fog {unknown}
 A - a scroll of magic mapping {unknown}
 E - a scroll of amnesia {unknown}
Potions
 d - 2 potions of haste {unknown}
 f - 2 potions of heal wounds {unknown}
 g - a potion of lignification {unknown}
 l - a potion of berserk rage {unknown}
 n - 4 potions of curing {@q1}
 o - a potion of invisibility {unknown}
 p - 2 potions of ambrosia {unknown}
 q - 2 potions of brilliance {unknown}
 r - a potion of attraction {unknown}
 u - a potion of degeneration {unknown}
 w - 2 potions of flight {unknown}
 z - 2 potions of mutation {unknown}
 D - a potion of resistance {unknown}

Dungeon Overview and Level Annotations

Branches:
Dungeon (7/15)             Temple (1/1) D:5

Altars:
Ashenzari
Cheibriados
Dithmenos
Elyvilon
Fedhas
Kikubaaqudgha
Makhleb
Nemelex Xobeh
Okawaru
Qazlal
Trog
Uskayaw
Vehumet
Wu Jian
Xom
The Shining One

Annotations:
D:3 3 runed translucent doors, PanSaczeczos's ghost, amateur GrAK

.....▒..▒▒▒............
▒▒+o▒...................
......▒.................
....▒..o▒▒...▒..▒.▒...▒.
......o..........(......
▒..l................
▒▒Z.▒▒.▒.▒..........
▒..▒▒.▒.▒..▒...▒.▒.
▒.i▒▒.▒.▒..▒..▒▒...
▒▒▒▒▒..▒▒.▒.▒..▒..▒▒▒..
........................
.▒.▒▒▒..................
▒▒.▒..▒▒▒..▒.......
...........▒▒.▒▒▒▒.
▒▒▒....▒....▒▒.▒▒▒▒.
▒.................
▒...▒▒▒...▒▒.▒....


You could see an iguana, an orc priest, 2 orc wizards and an adder zombie.


Message History

You see here a quokka corpse.
Found 54 stones.
You open the door.
There is an open door here.
Found an escape hatch in the ceiling.
You open the door.
Found a tapered bronze wand.
Found 20 bolts and 15 gold pieces.
There is an open door here.
F - a wand of iceblast (7)
You now have 332 gold pieces (gained 15).
An iguana comes into view.
An iguana is nearby!
An iguana is nearby!
An orc priest, an orc wizard and a zombie come into view.
An orc warrior comes into view. It is wielding a +0 mace.
An orc wizard comes into view. It is wielding a +0 dagger.
The orc priest invokes the aid of Beogh against you.
Beogh smites you!
The orc wizard shouts!
You hear a shout!
You barely miss the iguana.
The iguana hisses angrily.
An orc wizard comes into view. It is wielding a +0 dagger.
The iguana bites you!
* * * LOW HITPOINT WARNING * * *
Unknown command.
The orc priest calls down the wrath of Beogh upon you.
Beogh smites you!
You die...

Action                   |  1- 3 |  4- 6 |  7- 9 || total
-------------------------+-------+-------+-------++-------
Melee: Dagger            |    87 |   148 |    58 ||   293
 Cast: Corona            |     6 |       |       ||     6
       Ensorcelled Hiber |    23 |    30 |    31 ||    84
       Confusing Touch   |       |     6 |     2 ||     8
  Use: Potion            |       |     1 |       ||     1
 Stab: Sleeping          |    20 |    23 |    27 ||    70
       Confused          |       |     7 |     2 ||     9
Armor: Robe              |     4 |    15 |     3 ||    22
Dodge: Dodged            |    83 |   129 |    40 ||   252

Levels and vault maps discovered:
D:1:      wander_arrival_estate, layout_basic
D:2:      layout_loops_corners, minmay_misc_feat_alley,
          makhleb_altar_promises_db, uniq_robin
D:3:      layout_basic, brannock_xom_greatest_gift, bloody_trog,
          marbit_many_paths, chequers_ecumenical_altar_lobes,
          gammafunk_ghost_nasty_kobolds
D:4:      layout_basic, nicolae_overflow_hidden_temple, vehumet_altar_wand_db
D:5:      layout_basic, minmay_temple_entry_drinking_statues, basic_altar,
          cheibrodos_ashenzari_chains, uniq_edmund
D:6:      layout_basic, basic_altar
D:7:      layout_basic, lemuel_coloured_pillars_altar, fountainhead,
          minmay_misc_feat_pillars
Temple:   nicolae_temple_figure_zero

Notes
Turn   | Place    | Note
-------+----------+-------------------------------------------
     0 | D:1      | sanka the Spriggan Enchanter began the quest for the Orb.
     0 | D:1      | Reached XP level 1. HP: 9/9 MP: 5/5
    83 | D:1      | Reached skill level 5 in Stealth
    98 | D:1      | Reached XP level 2. HP: 11/13 MP: 1/6
   107 | D:1      | Learned a level 2 spell: Ensorcelled Hibernation
   545 | D:1      | Reached skill level 6 in Stealth
  1330 | D:2      | Reached XP level 3. HP: 16/16 MP: 8/8
  1397 | D:2      | Reached skill level 7 in Stealth
  1814 | D:2      | Noticed Robin
  1843 | D:2      | Killed Robin
  1844 | D:2      | Reached XP level 4. HP: 21/21 MP: 2/9
  2675 | D:2      | Found a burning altar of Makhleb.
  2677 | D:2      | Noticed a balrug
  2734 | D:3      | Reached skill level 8 in Stealth
  3042 | D:3      | Found a shimmering altar of Xom.
  3133 | D:3      | Found an ancient bone altar of Kikubaaqudgha.
  3313 | D:3      | Found a bloodstained altar of Trog.
  3764 | D:3      | Reached skill level 2 in Short Blades
  3857 | D:3      | Found a faded altar of an unknown god.
  3922 | D:3      | Found a runed translucent gate.
  3922 | D:3      | Found a runed translucent gate.
  3922 | D:3      | Found a runed translucent gate.
  3928 | D:3      | Noticed PanSaczeczos's ghost (amateur GrAK)
  3928 | D:3      | Noticed a big kobold
  3928 | D:3      | Identified the +7 short sword of Resourcefulness {chaos,
                  | rPois rN+ Str-5 SInv}
  3928 | D:3      | Noticed a big kobold
  3948 | D:3      | Learned a level 3 spell: Confusing Touch
  3985 | D:4      | Reached skill level 3 in Short Blades
  3985 | D:4      | Reached XP level 5. HP: 24/24 MP: 10/10
  4139 | D:4      | Found a blossoming altar of Fedhas.
  4319 | D:4      | Found a radiant altar of Vehumet.
  4882 | D:5      | Entered Level 5 of the Dungeon
  4884 | D:5      | Reached skill level 4 in Short Blades
  5251 | D:5      | Noticed an ice beast
  5273 | D:5      | Killed an ice beast
  5274 | D:5      | Reached skill level 5 in Short Blades
  5274 | D:5      | Reached skill level 3 in Spellcasting
  5274 | D:5      | Reached skill level 4 in Hexes
  5274 | D:5      | Reached XP level 6. HP: 18/28 MP: 2/11
  5397 | D:5      | Noticed Edmund
  5460 | D:5      | Killed Edmund
  5461 | D:5      | Reached skill level 5 in Hexes
  5597 | D:5      | Reached XP level 7. HP: 32/32 MP: 9/12
  5754 | D:5      | Reached skill level 6 in Hexes
  5837 | D:5      | Found a broken altar of Ashenzari.
  5863 | D:5      | Found a staircase to the Ecumenical Temple.
  5873 | Temple   | Entered the Ecumenical Temple
  6234 | D:5      | Found a sparkling altar of Nemelex Xobeh.
  6585 | D:6      | Reached skill level 7 in Hexes
  6707 | D:6      | Reached skill level 8 in Hexes
  7015 | D:6      | Found a glowing golden altar of the Shining One.
  7028 | D:6      | Reached XP level 8. HP: 16/36 MP: 6/13
  7218 | D:6      | Reached skill level 9 in Hexes
  7710 | D:7      | Killed from afar by an orc priest

Vanquished Creatures
  Edmund (D:5)
  An ice beast (D:5)
  An orc warrior (D:6)
  An ogre (D:6)
  2 scorpions
  A howler monkey (D:5)
  A bullfrog zombie (D:5)
  2 centaur zombies
  2 hounds
  A jelly (D:5)
  2 orc priests (D:6)
  A centaur skeleton (D:6)
  An iguana (D:5)
  2 worker ants
  An orc wizard (D:6)
  Robin (D:2)
  2 worker ant zombies (D:5)
  3 gnolls (D:6)
  An adder (D:4)
  A shadow imp (D:6)
  A white imp (D:6)
  An adder skeleton (D:5)
  A worm (D:4)
  A dart slug (D:1)
  3 leopard geckos
  12 orcs
  6 giant cockroaches
  13 goblins
  7 hobgoblins
  8 jackals
  4 quokkas
  7 bats
  4 frilled lizards
  4 kobolds
  A quokka skeleton (D:6)
  5 rats
106 creatures vanquished.
